 Dungeon Crawl Stone Soup version 0.22-a0-443-g17c3723 (webtiles) character file.

968 Borgoz the Covered (level 8, 0/67 HPs)
             Began as a Ghoul Fighter on May 31, 2018.
             Was an Initiate of Kikubaaqudgha.
             Killed from afar by an electric eel (10 damage)
             ... with a bolt of electricity
             ... on level 5 of the Dungeon.
             The game lasted 00:04:59 (3787 turns).

Borgoz the Covered (Ghoul Fighter)                  Turns: 3787, Time: 00:04:59

Health: 0/67       AC:  7    Str: 19 (20) XL:     8   Next: 15%
Magic:  7/7        EV: 15    Int:  3      God:    Kikubaaqudgha [......]
Gold:   239        SH: 10    Dex: 21      Spells: 7/7 levels left

rFire    . . .     SeeInvis .     - Unarmed
rCold    + . .     Gourm    .   b - +0 shield
rNeg     + + +     Faith    .   a - +0 scale mail
rPois    ∞         Spirit   .   (no helmet)
rElec    .         Reflect  .   (no cloak)
rCorr    .         Harm     .   (no gloves)
MR       .....                  (no boots)
Stlth    +.........             (no amulet)
HPRegen  0.00/turn              (no ring)
MPRegen  0.10/turn              o - +6 ring of dexterity

@: agile, rotting
A: rotting body, claws 1, carnivore, cold resistance 1, negative energy
resistance 3, inhibited regeneration, torment resistance, unbreathing
a: Renounce Religion


You were on level 5 of the Dungeon.
You worshipped Kikubaaqudgha.
Kikubaaqudgha was noncommittal.
You were not hungry.

You visited 1 branch of the dungeon, and saw 5 of its levels.

You collected 239 gold pieces.

Inventory:

Armour
 a - a +0 scale mail (worn)
 b - a +0 shield (worn)
Jewellery
 o - a +6 ring of dexterity (right claw)
Wands
 k - a wand of flame (28)
 p - a wand of paralysis (17)
Scrolls
 e - a scroll of amnesia {unknown}
 g - 8 scrolls of identify {unknown}
 h - 2 scrolls of remove curse {unknown}
 i - a scroll of blinking {unknown}
 j - 5 scrolls of teleportation
 l - 2 scrolls of magic mapping {unknown}
 n - a scroll of enchant armour {unknown}
 q - a scroll of enchant weapon {unknown}
Potions
 f - a potion of curing
Comestibles
 d - 9 rations


   Skills:
 + Level 4.9 Fighting
 * Level 5.1 Armour
 * Level 4.2 Dodging
 + Level 4.1 Shields
 + Level 4.3 Unarmed Combat


You had 7 spell levels left.
You didn't know any spells.
Your spell library contained the following spells:

 Spells                   Type           Power        Failure   Level  Hunger
 Spider Form              Tmut/Pois      #.........   100%        3    ####...
 Blade Hands              Tmut           #.........   100%        5    ######.
 Ice Form                 Ice/Tmut       #.......     100%        4    #####..
 Sticks to Snakes         Tmut           #.......     100%        2    ###....
 Beastly Appendage        Tmut           #.....       100%        1    ##.....


Dungeon Overview and Level Annotations

Branches:
Dungeon (5/15)
 Temple: D:4-7

Altars:
Fedhas
Hepliaklqana
Kikubaaqudgha
Qazlal
Ru
Xom

Annotations:
D:5 1 transporter


Innate Abilities, Weirdness & Mutations

Your body is rotting away.
You thrive on raw meat.
You are immune to poison.
You have sharp fingernails.
You are carnivorous and can eat meat at any time.
Your flesh is cold resistant. (rC+)
You are immune to negative energy. (rN+++)
You do not regenerate when monsters are visible.
You are immune to unholy pain and torment.
You can survive without breathing.


Message History

It was a potion of agility.
You feel agile all of a sudden.
You open the door.
The electric eel shoots out a bolt of lightning at you!
The bolt of electricity hits you! x2
The electric eel shoots out a bolt of lightning at you!
The bolt of electricity misses you. The bolt of electricity hits you!
The bolt of electricity hits the plant.
There is an open door here.
The electric eel shoots out a bolt of lightning at you!
The bolt of electricity hits you! x2
* * * LOW HITPOINT WARNING * * *
You closely miss the electric eel.
The electric eel shoots out a bolt of lightning at you!
The bolt of electricity misses you. The bolt of electricity hits you!
* * * LOW HITPOINT WARNING * * *
The electric eel shoots out a bolt of lightning at you!
The bolt of electricity hits you!
You die...
Kikubaaqudgha rasps: "You have failed me!
Welcome... oblivion!"

# ####.####..# #.#.# # #
####..........######.#.# # #
#.......#..##.....##.#.# # #
#.##.##.#..##.###.##.#.# #
########.##...................###
.............###############..##)
########.##..#8P#≈≈≈≈≈≈≈#P8#.....
#######..##[.#.)#..≈≈PPP#..#...##
............o#©.@..≈♣≈≈≈+(©#©..#
#######.#.#.o#..#..≈≈≈≈P#..#..##
#######..###.#8P#;;≈≈≈≈≈#P8#.##
........## #.###############.####
.######.. #.....................
.# ### ##.#.#.#######.####### .#
#.###)... ..... .# #.# ######
###.### # <# ## #.#


You could see 2 electric eels, an orc wizard and an orc.

Vanquished Creatures
  Grinder (D:4)
  A hippogriff (D:3)
  An orc warrior (D:5)
  A sky beast (D:5)
  An ogre (D:4)
  An orc priest (D:5)
  A centaur skeleton (D:5)
  2 iguanas
  2 worker ants (D:4)
  A worker ant zombie (D:5)
  A howler monkey skeleton (D:4)
  6 adders (D:2)
  An ooze (D:1)
  6 worms
  2 dart slugs
  2 leopard geckos
  10 orcs
  3 bats
  2 giant cockroaches
  7 goblins
  4 hobgoblins
  4 jackals (D:1)
  5 kobolds
  A quokka (D:4)
  2 ball pythons
  2 frilled lizards
  A jackal zombie (D:5)
  10 rats
81 creatures vanquished.

Notes
Turn   | Place    | Note
-------+----------+-------------------------------------------
     0 | D:1      | Borgoz the Ghoul Fighter began the quest for the Orb.
     0 | D:1      | Reached XP level 1. HP: 19/19 MP: 0/0
    12 | D:1      | Reached XP level 2. HP: 23/26 MP: 1/1
    73 | D:1      | Reached skill level 1 in Dodging
   167 | D:1      | Reached skill level 3 in Armour
   178 | D:1      | Reached XP level 3. HP: 30/31 MP: 2/2
   509 | D:2      | Found a faded altar of an unknown god.
   590 | D:2      | Reached XP level 4. HP: 26/38 MP: 3/3
  1106 | D:2      | Found a blossoming altar of Fedhas.
  1115 | D:2      | Found a sacrificial altar of Ru.
  1292 | D:3      | Reached XP level 5. HP: 46/46 MP: 4/4
  1631 | D:3      | Noticed a hippogriff
  1641 | D:3      | Killed a hippogriff
  1641 | D:3      | Reached skill level 4 in Armour
  1641 | D:3      | Reached XP level 6. HP: 8/52 MP: 5/5
  2072 | D:4      | Noticed Grinder
  2081 | D:4      | Paralysed by Grinder for 3 turns
  2107 | D:4      | Killed Grinder
  2107 | D:4      | Reached XP level 7. HP: 23/60 MP: 6/6
  2783 | D:4      | Found a stormy altar of Qazlal.
  3069 | D:5      | Entered Level 5 of the Dungeon
  3112 | D:5      | Found an ancient bone altar of Kikubaaqudgha.
  3134 | D:5      | Became a worshipper of Kikubaaqudgha
  3169 | D:5      | Found a shimmering altar of Xom.
  3170 | D:5      | Found a hazy altar of Hepliaklqana.
  3170 | D:5      | Noticed a death ooze
  3171 | D:5      | Noticed a spectral ugly thing
  3171 | D:5      | Noticed a death ooze
  3320 | D:5      | Found a transporter.
  3363 | D:5      | Reached skill level 5 in Armour
  3363 | D:5      | Reached XP level 8. HP: 49/67 MP: 7/7
  3474 | D:5      | Found a transporter.
  3787 | D:5      | Killed from afar by an electric eel

Vault maps used:
D:1:      onia_arrival_handbag
D:2:      minitemple, chequers_ecumenical_altar_island
D:3:      first_ration, corexii_leaking_fountain
D:4:      overflow_temple_1_default, hangedman_minor_gate_pass, uniq_grinder
D:5:      gammafunk_steamed_eel, regret_index_temple_of_mockery,
          kennysheep_mini_moat, nicolae_ashenzari_panopticon,
          guppyfry_early_orc_mine

Skill      XL: |  1  2  3  4  5  6  7 |
---------------+----------------------+-----
Dodging        | 1 2 3 4 |  4.2
Armour         | 3 4 5 |  5.1
Shields        | 3 4 |  4.1
Unarmed Combat | 3 4 |  4.3
Fighting       | 4 |  4.9

Action                   |  1- 3 |  4- 6 |  7- 9 || total
-------------------------+-------+-------+-------++-------
Melee: Unarmed           |   101 |   161 |   121 ||   383
  Use: Potion            |       |     4 |     3 ||     7
       Scroll            |       |     1 |       ||     1
  Eat: Chunk             |     7 |     9 |    17 ||    33
Armor: Scale mail        |    51 |    41 |    22 ||   114
Dodge: Dodged            |    32 |    41 |    29 ||   102
Block: Shield            |    51 |    59 |    39 ||   149

Table legend:
 A = Spawn XP
 B = Non-spawn XP
 C = Spawn XP percentage of total XP
 D = Spawn monster count
 E = Non-spawn monster count
 F = Spawn count percentage of total count
 G = Total turns spent on level
                    A         B        C        D         E        F      G
               +---------+---------+-------+---------+---------+-------+---------
         Total |       0 |    1383 |   0.0 |       0 |      81 |   0.0 |  3787
               +---------+---------+-------+---------+---------+-------+---------
           D:1 |       0 |      44 |   0.0 |       0 |      23 |   0.0 |   488
           D:2 |       0 |     117 |   0.0 |       0 |      20 |   0.0 |   664
           D:3 |       0 |     273 |   0.0 |       0 |      12 |   0.0 |   793
           D:4 |       0 |     530 |   0.0 |       0 |      14 |   0.0 |  1124
           D:5 |       0 |     419 |   0.0 |       0 |      12 |   0.0 |   718
               +---------+---------+-------+---------+---------+-------+---------
